 Dungeon Crawl Stone Soup version 0.31.0-11-ge490571c62 (webtiles) character file.

Game seed: 15035127412956738664

60 qw the Shooter (level 3, 0/20 HPs)
             Began as a Deep Elf Hunter on Feb 4, 2024.
             Slain by Terence
             ... wielding a +0 mace
              (8 damage)
             ... on level 2 of the Dungeon.
             The game lasted 00:00:04 (902 turns).

qw the Shooter (Deep Elf Hunter)                     Turns: 902, Time: 00:00:04

Health: 0/20       AC:  5    Str: 10    XL:     3   Next: 82%
Magic:  5/5        EV: 11    Int: 13    God:
Gold:   37         SH:  0    Dex: 18    Spells: 2/2 levels left

rFire   . . .        a - +0 shortbow
rCold   . . .        (shield currently unavailable)
rNeg    + . .        d - +0 ring mail
rPois   .            (no helmet)
rElec   .            (no cloak)
rCorr   .            (no gloves)
SInv    .            (no boots)
Will    .....        (no amulet)
Stlth   +            i - ring of positive energy
HPRegen 0.23/turn    (no ring)
MPRegen 0.09/turn

%: no passive effects
@: no status effects
A: talons 1
a: no special abilities


You were on level 2 of the Dungeon.
You visited 1 branch of the dungeon, and saw 2 of its levels.

You collected 37 gold pieces.


Innate Abilities, Weirdness & Mutations

You have sharp toenails.


   Skills:
 - Level 1.5 Fighting
 + Level 7.3 Ranged Weapons
 - Level 2.4 Dodging
 - Level 1.2 Stealth


You had 2 spell levels left.
You didn't know any spells.
Your spell library was empty.

Inventory:

Hand Weapons
 a - a +0 shortbow (weapon)
Armour
 d - a +0 ring mail (worn)
Jewellery
 i - a ring of positive energy (left hand)
Scrolls
 b - a scroll of enchant weapon {unknown}
 g - 2 scrolls of teleportation
Potions
 e - a potion of resistance {unknown}
 f - a potion of brilliance {unknown}
 h - 2 potions of mutation

Dungeon Overview and Level Annotations

Branches:
Dungeon (2/15)

Altars:

Annotations:
D:2 Terence


Message History

You shoot an arrow. The arrow misses the quokka.
The quokka barely misses you.
You shoot an arrow. The arrow barely misses the quokka.
The quokka closely misses you.
You shoot an arrow. The arrow hits the quokka.
The quokka is heavily wounded.
The quokka bites you but does no damage.
The quokka bites you.
You shoot an arrow. The arrow hits the quokka!
You kill the quokka!
You start resting.
HP restored.
You open the door.
There is an open door here.
Found a book of Minor Magic.
b - a scroll labelled AHY MOFATUTIJ Terence the Incautious comes into view.
He is wielding a +0 mace.
You shoot an arrow.
The arrow hits Terence but does no damage.
Terence shouts!
Terence misses you.
You shoot an arrow. The arrow hits Terence.
Terence is moderately wounded.
Terence hits you with a +0 mace.
You shoot an arrow. The arrow barely misses Terence.
Terence hits you with a +0 mace.
You shoot an arrow. The arrow hits Terence.
Terence is severely wounded.
Terence hits you with a +0 mace!
You shoot an arrow.
The arrow hits Terence but does no damage.
Terence is severely wounded.
Terence barely misses you.
You shoot an arrow. The arrow barely misses Terence.
Terence closely misses you.
You shoot an arrow. The arrow hits Terence.
Terence is almost dead.
Terence hits you with a +0 mace!
You die...
Terence says, "Time to find some more victims."

##.## ... ...
...## #
#.#.#####
#.##........ #
#.......$# ###
#@@..# ..#####
#.#.##
......### #.#
# ...##...#
######.###
...####.#
#........#
..## #.#
#.####.#.# ..#
#.# #.# #.#.#
:##
#.###.####.#.#
.#
#............


You could see Terence.

Vanquished Creatures
  Natasha (D:2)
  2 bats (D:1)
  2 endoplasms
  2 giant cockroaches (D:1)
  2 goblins (D:1)
  4 hobgoblins
  4 jackals (D:1)
  2 quokkas
  7 ball pythons (D:1)
  A frilled lizard (D:1)
  3 rats (D:1)
30 creatures vanquished.

Notes
Turn   | Place    | Note
-------+----------+-------------------------------------------
     0 | D:1      | qw the Deep Elf Hunter began the quest for the Orb.
     0 | D:1      | Reached XP level 1. HP: 12/12 MP: 3/3
     0 | D:1      | 0 ||| qw: Version: 0.3-a-160-g6735b56
     0 | D:1      | 0 ||| qw: Game counter: 4921
     0 | D:1      | 0 ||| qw: Melee chars always use a shield: true
     0 | D:1      | 0 ||| qw: God list: Okawaru
     0 | D:1      | 0 ||| qw: Allow faded altars: false
     0 | D:1      | 0 ||| qw: Do Orc after clearing Dungeon:15 true
     0 | D:1      | 0 ||| qw: Do second Lair branch before Depths: true
     0 | D:1      | 0 ||| qw: Lair rune preference: random
     0 | D:1      | 0 ||| qw: Goals: Normal
     0 | D:1      | 0 ||| PLANNING D:1-11
   129 | D:1      | Reached XP level 2. HP: 16/16 MP: 4/4
   138 | D:1      | Reached skill level 6 in Ranged Weapons
   294 | D:1      | Reached XP level 3. HP: 20/20 MP: 5/5
   589 | D:1      | 589 ||| UPGRADING to +0 ring mail.
   599 | D:1      | 599 ||| DROPPING +0 leather armour.
   600 | D:1      | 600 ||| UPGRADING to ring of positive energy.
   601 | D:1      | 601 ||| READING 3 scrolls labelled EMESHR VIARACW.
   606 | D:1      | 606 ||| READING scroll labelled OCVODY ILOBRAHIQU.
   607 | D:1      | 607 ||| DRINKING 3 lumpy white potions.
   607 | D:1      | Gained mutation: You have sharp toenails. [potion of
                  | mutation]
   608 | D:1      | 608 ||| DROPPING scroll of butterflies.
   610 | D:1      | 610 ||| Stepping ~*~*~tactically~*~*~ (cloud).
   613 | D:1      | HP: 5/20 [poisoned by you (poison gas)]
   617 | D:1      | HP: 2/20 [poisoned by you (poison gas)]
   741 | D:2      | Noticed Natasha
   749 | D:2      | Killed Natasha
   750 | D:2      | Reached skill level 7 in Ranged Weapons
   789 | D:2      | Found a faded altar of an unknown god.
   895 | D:2      | Noticed Terence
   902 | D:2      | Slain by Terence

Levels and vault maps discovered:
D:1:      matt_arrival_grand_opening, layout_rooms
D:2:      minmay_skewed_foursquare, layout_loops_corners,
          shapermc_ecumenical_altar_flowoftime, uniq_natasha, uniq_terence

Skill      XL: |  1  2  3 |
---------------+----------+-----
Ranged Weapons | 6 7 |  7.3
Fighting       | |  1.5
Dodging        | |  2.4
Stealth        | |  1.2

Action                     || total
---------------------------++-------
   Fire: Shortbow          ||   106
    Use: Scroll            ||     2
         Potion            ||     1
 Armour: Leather armour    ||    29
         Ring mail         ||    10
  Dodge: Dodged            ||    48

Table legend:
 A = Non-vault XP
 B = Vault XP
 C = Vault XP percentage of total XP
 D = Non-vault monster count
 E = Vault monster count
 F = Vault count percentage of total count
                 A         B        C        D         E       F
            +---------+---------+-------+---------+---------+-------
      Total |      47 |      40 |  46.0 |      27 |       3 |  10.0
            +---------+---------+-------+---------+---------+-------
        D:1 |      45 |       0 |   0.0 |      26 |       0 |   0.0
        D:2 |       2 |      40 |  95.2 |       1 |       3 |  75.0
            +---------+---------+-------+---------+---------+-------
